 Dungeon Crawl Stone Soup version 0.31.0-12-g77e489cdc1 (webtiles) character file.

Game seed: 1415466882145508656

905 spaghetti the Trooper (level 8, -10/76 HPs)
             Began as a Naga Chaos Knight on Feb 15, 2024.
             Was a Plaything of Xom.
             Mangled by a two-headed ogre
             ... wielding a +0 dire flail
              (12 damage)
             ... on level 8 of the Dungeon.
             The game lasted 00:07:23 (4908 turns).

spaghetti the Trooper (Naga Chaos Knight)           Turns: 4908, Time: 00:07:24

Health: -10/76     AC:  7    Str: 17    XL:     8   Next: 8%
Magic:  8/8        EV:  9    Int: 12    God:    Xom [....*.]
Gold:   272        SH:  4    Dex: 11    Spells: 7/7 levels left

rFire   x .          .
                       - Unarmed
rCold   . . .        (no shield)
rNeg    . . .        a - +2 leather armour
rPois   +            (no helmet)
rElec   .            p - +0 cloak
rCorr   .            (no gloves)
SInv    +            (no barding)
Will    .....        (no amulet)
Stlth   +            (no ring)
HPRegen 0.32/turn    (no ring)
MPRegen 0.11/turn

%: no passive effects
@: about to teleport, weak-willed, studying Short Blades, very slow
A: AC +2, large, see invisible, deformed body, poison resistance, slowness 2,
spit poison 1, naga tail 1, large bone plates 1, evolution 1, heat vulnerability
1, inability to drink after injury 1, MP-powered wands
a: Spit Poison, Renounce Religion


You were on level 8 of the Dungeon.
You worshipped Xom.
You were a beloved toy of Xom.
You visited 1 branch of the dungeon, and saw 7 of its levels.

You collected 272 gold pieces.

Inventory:

Hand Weapons
 b - a +0 sling
Missiles
 e - 2 javelins
Armour
 a - a +2 leather armour (worn)
 p - a +0 cloak (worn)
Wands
 h - a wand of iceblast (18)
Scrolls
 d - a scroll of teleportation
 m - 3 scrolls of identify
Potions
 c - a potion of might {unknown}
 i - a potion of heal wounds
 j - a potion of curing
 l - a potion of brilliance {unknown}
 n - 2 potions of attraction {unknown}


   Skills:
 + Level 6.0 Fighting
 + Level 0.6 Short Blades
 + Level 4.4 Armour
 - Level 0.7 Dodging
 + Level 0.7 Stealth
 - Level 5.8 Unarmed Combat


You had 7 spell levels left.
You didn't know any spells.
Your spell library contained the following spells:

 Spells                   Type           Power      Damage    Failure   Level
 Call Imp                 Summ           0%         N/A       52%         2
 Lesser Beckoning         Tloc           0%         N/A       52%         2
 Sublimation of Blood     Necr           0%         N/A       52%         2
 Gell's Gravitas          Tloc           0%         N/A       75%         3
 Teleport Other           Tloc           0%         N/A       75%         3
 Volatile Blastmotes      Fire/Tloc      0%         2d10      75%         3
 Fulminant Prism          Conj/Alch      0%         3d5       98%         4
 Iskenderun's Mystic Bla  Conj/Tloc      0%         2d3       98%         4
 Summon Hydra             Summ           0%         N/A       100%        7


Dungeon Overview and Level Annotations

Branches:
Dungeon (8/15)             Temple (0/1) D:7
   Lair: D:8-11

Altars:
Cheibriados
Qazlal
Vehumet

Shops:
D:2 :=[

Annotations:
D:6 exclusion: door
D:8 1 exclusion


Innate Abilities, Weirdness & Mutations

Your serpentine skin is tough. (AC +2)
You have supernaturally acute eyesight. (SInv)
Armour fits poorly on your strangely shaped body.
Your system is resistant to poisons. (rPois)
You cover ground very slowly.
You can spit poison.
You have a snake-like lower body.
You are partially covered in large bone plates. (SH +4)
You have hidden genetic potential.
You are vulnerable to heat. (rF-)
You occasionally lose the ability to drink potions when taking damage.
You expend magic power (3 MP) to strengthen your wands.


Message History

You are too injured to fight recklessly!
You are too injured to fight recklessly!
You are too injured to fight recklessly!
You are too injured to fight recklessly!
You are too injured to fight recklessly!
You are too injured to fight recklessly!
You are too injured to fight recklessly!
You are too injured to fight recklessly!
You are too injured to fight recklessly!
You are too injured to fight recklessly!
Unknown command.
Aiming: Spit Poison (1% risk of failure)
Press: ? - help, Shift-Dir - straight line, f/p - two-headed ogre
Aim: a two-headed ogre, wielding a +0 dire flail and a +0 giant club (moderately wounded, poisoned, 83% to hit)
The splash of poison hits the two-headed ogre.
The two-headed ogre is moderately wounded.
Unknown command.
Unknown command.
Unknown command.
Okay, then.
As you read the scroll labelled XARCHU QAOTS, it crumbles to dust.
A wave of despondency washes over your surroundings.
It was a scroll of vulnerability.
You block the two-headed ogre's attack.
The two-headed ogre hits you with a +0 giant club!
* * * LOW HITPOINT WARNING * * *
As you read the scroll of teleportation, it crumbles to dust.
You feel strangely unstable.
The two-headed ogre hits you with a +0 dire flail!
* * * LOW HITPOINT WARNING * * *
The two-headed ogre hits you with a +0 giant club!
* * * LOW HITPOINT WARNING * * *
Unknown command.
The two-headed ogre looks more healthy.
You have got your breath back. "The weather's been a little too boring around here."
The two-headed ogre attacks as it pursues you!
You block the two-headed ogre's attack.
The two-headed ogre hits you with a +0 giant club!
You die...
Xom snickers!

# # ##.#
#. #.#
#.# #.#
#.# #.#
#.# #.#
####.##.#
.§##§#.#
#§#O#.#
##@##.#
#§##..#
#§...##
######


You could see a two-headed ogre (weak-willed).

Vanquished Creatures
  A steam dragon (D:6)
  Menkaure (D:7)
  A water moccasin (D:6)
  A black bear (D:7)
  A bullfrog (D:7)
  A scorpion (D:6)
  2 bombardier beetles
  2 jellies (D:6)
  A hound (D:5)
  A sleepcap (D:6)
  3 gnolls (D:3)
  3 adders
  4 shadow imps
  A white imp (D:7)
  2 ribbon worms (D:2)
  A ball python (D:2)
  6 bats
  2 endoplasms (D:1)
  4 giant cockroaches
  8 goblins
  10 hobgoblins
  5 quokkas
  2 frilled lizards (D:2)
  5 kobolds
  3 rats
71 creatures vanquished.

Vanquished Creatures (others)
  A jelly (D:5)
1 creature vanquished.

Grand Total: 72 creatures vanquished

Notes
Turn   | Place    | Note
-------+----------+-------------------------------------------
     0 | D:1      | spaghetti the Naga Chaos Knight began the quest for the
                  | Orb.
     0 | D:1      | Reached XP level 1. HP: 21/21 MP: 1/1
   584 | D:1      | XOM: divination: magic mapping
   803 | D:1      | XOM: silly message
   809 | D:1      | Reached XP level 2. HP: 26/28 MP: 2/2
  1206 | D:2      | Found Diuqorics's Jewellery Shop.
  1340 | D:2      | Reached XP level 3. HP: 25/34 MP: 3/3
  1418 | D:2      | XOM: silly message
  1450 | D:2      | XOM: silly message
  1525 | D:2      | XOM: smoke on damage
  1629 | D:2      | Found Uhurof's Armour Shoppe.
  1661 | D:2      | XOM: divination: magic mapping
  1670 | D:2      | Reached XP level 4. HP: 43/44 MP: 4/4
  1757 | D:2      | Found Wec Icodu's Book Boutique.
  2074 | D:2      | XOM: divination: detect creatures
  2132 | D:2      | XOM: give mutations
  2132 | D:2      | Gained mutation: You are agile. (Dex +4, Str/Int -1) [Xom's
                  | grace]
  2132 | D:2      | Gained mutation: You are partially covered in large bone
                  | plates. (SH +4) [Xom's grace]
  2193 | D:2      | XOM is BORED!
  2193 | D:2      | XOM: noise
  2352 | D:3      | Reached skill level 4 in Fighting
  2450 | D:3      | Reached XP level 5. HP: 30/50 MP: 5/5
  2569 | D:3      | XOM: summons 3 hostile demons
  2581 | D:3      | You fall into a shaft and drop 2 floors!
  2581 | D:5      | Entered Level 5 of the Dungeon
  2621 | D:5      | XOM: 2-stop teleportation journey
  2837 | D:5      | XOM: god gift: 29 gold pieces
  2841 | D:5      | Found a stormy altar of Qazlal.
  2860 | D:5      | Noticed an ogre
  2946 | D:6      | XOM: give mutations
  2946 | D:6      | Gained mutation: You expend magic power (3 MP) to
                  | strengthen your wands. [Xom's mischief]
  2946 | D:6      | Gained mutation: You have a somewhat thin skeletal
                  | structure. (Dex +2, Stealth+) [Xom's mischief]
  2946 | D:6      | Gained mutation: You occasionally lose the ability to read
                  | scrolls when taking damage. [Xom's mischief]
  3050 | D:6      | XOM: summons 1 hostile demon
  3140 | D:6      | Found a snail-covered altar of Cheibriados.
  3175 | D:6      | Noticed a water moccasin
  3178 | D:6      | Killed a water moccasin
  3179 | D:6      | Reached XP level 6. HP: 58/58 MP: 0/6
  3198 | D:6      | XOM: torment (12/58 hp)
  3228 | D:6      | XOM: chaos cloud
  3239 | D:6      | Reached skill level 5 in Fighting
  3372 | D:6      | Found a radiant altar of Vehumet.
  3428 | D:6      | Reached skill level 5 in Unarmed Combat
  3428 | D:6      | Reached XP level 7. HP: 58/67 MP: 7/7
  3458 | D:6      | Noticed a steam dragon
  3470 | D:6      | Killed a steam dragon
  3590 | D:6      | XOM: summons 4 hostile demons
  3591 | D:6      | Noticed a smoke demon
  3595 | D:6      | Lost mutation: You have a somewhat thin skeletal structure.
                  | (Dex +2, Stealth+) [potion of mutation]
  3595 | D:6      | Lost mutation: You occasionally lose the ability to read
                  | scrolls when taking damage. [potion of mutation]
  3595 | D:6      | Gained mutation: You are occasionally teleported next to
                  | monsters. [potion of mutation]
  3595 | D:6      | Gained mutation: You have hidden genetic potential. [potion
                  | of mutation]
  3613 | D:7      | XOM: noise
  3618 | D:7      | XOM: repel stairs
  3620 | D:7      | XOM: stat loss: -1 Dex (13/14)
  3874 | D:7      | XOM: 6-stop teleportation journey
  3996 | D:7      | Noticed Menkaure
  4006 | D:7      | Killed Menkaure
  4251 | D:7      | Reached skill level 6 in Fighting
  4251 | D:7      | Reached XP level 8. HP: 56/76 MP: 8/8
  4416 | D:7      | XOM: give mutations
  4416 | D:7      | Gained mutation: You occasionally lose the ability to drink
                  | potions when taking damage. [Xom's mischief]
  4416 | D:7      | Lost mutation: You are occasionally teleported next to
                  | monsters. [Xom's mischief]
  4416 | D:7      | Lost mutation: You are agile. (Dex +4, Str/Int -1) [Xom's
                  | mischief]
  4416 | D:7      | Gained mutation: You are vulnerable to heat. (rF-) [Xom's
                  | mischief]
  4565 | D:7      | Found a staircase to the Ecumenical Temple.
  4899 | D:8      | Noticed a two-headed ogre
  4906 | D:8      | HP: 1/76 [two-headed ogre/+0 dire flail (8)]
  4908 | D:8      | XOM: fog
  4908 | D:8      | Mangled by a two-headed ogre

Illustrated notes

Levels and vault maps discovered:
D:1:      matt_arrival_refuge, layout_basic, minmay_misc_feat_columns,
          hangedman_glass_teeth
D:2:      layout_rooms, serial_shops, nicolae_shop_back_alley_shop,
          nicolae_shop_rolling_square, nicolae_shop_crystal, serial_aquarium,
          aquarium_bridge_long_joined [aquarium_subvault_window,
          aquarium_subvault_window, aquarium_subvault_window,
          aquarium_subvault_balcony, aquarium_subvault_window,
          aquarium_subvault_bridge], aquarium_bridge_square
          [aquarium_subvault_bridge, aquarium_subvault_window,
          aquarium_subvault_wall, aquarium_subvault_bridge], aquarium_window_2,
          aquarium_window_corridor_1, aquarium_view_2c, aquarium_view_2b,
          minmay_pentomino_w4
D:3:      minmay_goblin_kobold_castle, layout_loops_ring,
          nicolae_overflow_ecumenical_swirl, hangedman_decor_diamond_cutter,
          bh_walls_and_bars
D:5:      layout_loops_cross, grunt_qazlal_clouds
D:6:      layout_gridville, mainiacjoe_overflow_catch_the_wave, serial_glass,
          glass_columns_a, glass_columns_c, serial_shops,
          nicolae_shop_mannequins, nicolae_letterblocks
          [nicolae_letter_subblock, nicolae_letter_subblock,
          nicolae_letter_subblock, nicolae_letter_subblock,
          nicolae_letter_subblock, nicolae_letter_subblock,
          nicolae_letter_subblock, nicolae_letter_subblock,
          nicolae_letter_subblock, nicolae_letter_subblock,
          nicolae_letter_subblock, nicolae_letter_subblock,
          nicolae_letter_subblock, nicolae_letter_subblock,
          nicolae_letter_subblock, nicolae_letter_subblock,
          nicolae_letter_subblock, nicolae_letter_subblock,
          nicolae_letter_subblock, nicolae_letter_subblock,
          nicolae_letter_subblock, nicolae_letter_subblock,
          nicolae_letter_subblock, nicolae_letter_subblock,
          nicolae_letter_subblock]
D:7:      layout_basic, minmay_temple_entry_offerings, uniq_menkaure
D:8:      layout_gridville, marbit_many_paths

Skill      XL: |  1  2  3  4  5  6  7 |
---------------+----------------------+-----
Armour         | 2 3 4 |  4.4
Fighting       | 4 5 6 |  6.0
Unarmed Combat | 4 5 |  5.8
Short Blades   | |  0.6
Dodging        | |  0.7
Stealth        | |  0.7

Action                     |  1- 3 |  4- 6 |  7- 9 || total
---------------------------+-------+-------+-------++-------
  Melee: Unarmed           |    67 |    22 |    44 ||   133
         Punch             |       |       |     1 ||     1
   Fire: Sling             |    75 |   118 |     8 ||   201
Ability: Spit Poison       |     8 |    14 |     7 ||    29
  Evoke: Wand              |       |     4 |     3 ||     7
    Use: Scroll            |     3 |     1 |     5 ||     9
         Potion            |     1 |     4 |     1 ||     6
 Armour: Leather armour    |   129 |    96 |    53 ||   278
         Skin              |       |    13 |       ||    13
  Dodge: Dodged            |    71 |    57 |    17 ||   145
  Block: Other             |       |    12 |     8 ||    20
